 Dungeon Crawl Stone Soup version 0.18-a0-1430-g9c1b2fb (webtiles) character file.

28 Geeful the Firebug (level 3, 26/26 HPs)
             Began as a Draconian Fire Elementalist on Feb 27, 2016.
             Got out of the dungeon alive.
             The game lasted 00:06:12 (1127 turns).

Geeful the Firebug (Draconian Fire Elementalist)    Turns: 1127, Time: 00:06:12

Health: 26/26      AC:  6    Str: 10    XL:     3   Next: 0%
Magic:  6/6        EV: 12    Int: 16    God:
Gold:   46         SH:  0    Dex: 11    Spells: 1 memorised, 5 levels left

rFire  . . .     SeeInvis .     d - +0 spear
rCold  . . .     Gourm    .     (armour unavailable)
rNeg   . . .     Faith    .     (no shield)
rPois  .         Spirit   .     c - +1 hat
rElec  .         Dismiss  .     (no cloak)
rCorr  .         Reflect  .     (no gloves)
SustAt .         Harm     .     (no boots)
MR     .....                    (no amulet)
Stlth  ++........               (no ring)
                                (no ring)

@: not resistant to hostile enchantments, unstealthy
A: unfitting armour, cold-blooded, AC +5
a: no special abilities


You escaped.
You were not hungry.

You visited 1 branch of the dungeon, and saw 1 of its levels.

You collected 46 gold pieces.

Inventory:

Hand Weapons
 d - a +0 spear (weapon)
Missiles
 f - 16 stones (quivered)
Armour
 c - a +1 hat (worn)
Scrolls
 i - a scroll of remove curse {unknown}
 k - 3 scrolls of magic mapping {unknown}
 l - a scroll of identify {unknown}
 m - a scroll of fog {unknown}
Potions
 e - a potion of berserk rage {unknown}
 h - a potion of degeneration {unknown}
Books
 a - a book of Flames

   Spells                             Type                      Level
   a - Flame Tongue                   Conjuration/Fire             1
   b - Throw Flame                    Conjuration/Fire             2
   c - Conjure Flame                  Conjuration/Fire             3
   d - Inner Flame                    Hexes/Fire                   3
   e - Sticky Flame                   Conjuration/Fire             4
   f - Fireball                       Conjuration/Fire             5
Comestibles
 b - 2 bread rations
 j - a meat ration


   Skills:
 - Level 1.7 Dodging
 - Level 1.7 Stealth
 + Level 2.3 Spellcasting
 + Level 2.0 Conjurations
 + Level 3.4 Fire Magic


You had 5 spell levels left.
You knew the following spells:

 Your Spells              Type           Power        Failure   Level  Hunger
a - Flame Tongue          Conj/Fire      ##...        10%         1    #......


Dungeon Overview and Level Annotations

Branches:
Dungeon (1/15)

Altars:


Innate Abilities, Weirdness & Mutations

Your plain brown scales are hard (AC +5).
Your body does not fit into most forms of armour.
You are cold-blooded and may be slowed by cold attacks.


Message History

k - 3 scrolls labeled OSTROL WOINU (gained 1)
You see here a spear.
d - a spear Wield which item (- for none, * to show all)? (? for menu, Esc to quit)
d - a +0 spear (weapon)
Drop what? 13/52 slots (_ for help) (? for menu, Esc to quit)
You drop a club.
You see here a kobold corpse.
There is a stone staircase leading down here.
Done exploring.
Done exploring.
There is a stone staircase leading down here.
There is a huge open gate here.
You open the gate.
There is an open gate here.
The orc shouts!
The kobold shouts!
There is a staircase leading out of the dungeon here.
Are you sure you want to leave the Dungeon?
This will make you lose the game!
You have escaped!

##.......## #.......# #.)##.....#
##.########
#.†.#####.###..##.....#
#.#...................#######
....#..........##...........#
....#.......................#
.......................)....#
.....#..#################...#####
........#≈≈≈≈≈§§@≈§§§≈≈≈#...#....
....#...#§≈§≈≈§§§§§≈§§§§#...#....
...(#...#≈≈≈≈.§§...§§§≈≈#........
....#...#≈≈.........§.§§#..##....
#####...#≈......§.....§≈#........
#...#≈.............§#...#....
##..###..8.###.8..###...#.... ###
#..#K#...........#o#...#.... ..#
#..#######'''#######...#....


You could see an orc.

Vanquished Creatures
  A dart slug (D:1)
  A giant gecko (D:1)
  2 bats (D:1)
  2 giant cockroaches (D:1)
  5 goblins (D:1)
  3 hobgoblins (D:1)
  3 kobolds (D:1)
  3 giant newts (D:1)
  4 rats (D:1)
24 creatures vanquished.

Notes
Turn   | Place    | Note
--------------------------------------------------------------
     0 | D:1      | Geeful the Draconian Fire Elementalist began the quest for the Orb.
     0 | D:1      | Reached XP level 1. HP: 14/14 MP: 3/3
   437 | D:1      | Reached XP level 2. HP: 20/20 MP: 1/5
  1012 | D:1      | Reached XP level 3. HP: 26/26 MP: 3/6
  1127 | D:$      | Got out of the dungeon alive.

Vault maps used:
D:1:      lordsloth_arrival_two_stooges, serial_park_tiny_pond

Skill      XL: |  1  2 |
---------------+-------+-----
Conjurations   | 2 |  2.0
Dodging        | |  1.7
Stealth        | |  1.7
Spellcasting   | |  2.3
Fire Magic     | |  3.4

Action                   || total
-------------------------++-------
Melee: Unarmed           ||    12
Throw: Stone             ||    27
 Cast: Flame Tongue      ||    37
  Eat: Chunk             ||     1
